 Dungeon Crawl Stone Soup version 0.22.1-1-ga44c0e56f4 (webtiles) character file.

1867 klipsore the Cudgeler (level 8, -7/73 HPs)
             Began as a Deep Dwarf Fighter on Nov 9, 2018.
             Was a Follower of Makhleb.
             Mangled by an orc warrior
             ... wielding a +0 dire flail
              (8 damage)
             ... on level 8 of the Dungeon.
             The game lasted 00:32:01 (6322 turns).

klipsore the Cudgeler (Deep Dwarf Fighter)          Turns: 6322, Time: 00:32:01

Health: -7/73      AC: 12    Str: 23    XL:     8   Next: 90%
Magic:  3/3        EV:  7    Int:  8    God:    Makhleb [*.....]
Gold:   409        SH: 11    Dex: 12    Spells: 7/7 levels left

rFire    . . .     SeeInvis .   B - +0 morningstar (crush)
rCold    . . .     Gourm    .   c - +0 shield
rNeg     . . .     Faith    .   u - +0 chain mail
rPois    .         Spirit   .   (no helmet)
rElec    .         Reflect  .   w - scarf {repulsion}
rCorr    .         Harm     .   (no gloves)
MR       +....                  (no boots)
Stlth    ..........             (no amulet)
HPRegen  0.00/turn              n - +2 ring of protection
MPRegen  0.08/turn              t - ring of wizardry

@: non-regenerating, repel missiles
A: damage resistance, heal wounds, sense surroundings 1, no regeneration
a: Heal Wounds, Renounce Religion


You were on level 8 of the Dungeon.
You worshipped Makhleb.
Makhleb was aware of your devotion.
You were not hungry.

You visited 2 branches of the dungeon, and saw 9 of its levels.

You collected 409 gold pieces.

Inventory:

Hand Weapons
 a - a +0 flail
 p - a +0 morningstar
 B - a +0 morningstar of crushing (weapon)
Armour
 c - a +0 shield (worn)
 o - the cursed +1 robe "Irphutoo" {MR+ Str+4}
   (You found it on level 4 of the Dungeon)

   It affects your strength (+4).
   It affects your resistance to hostile enchantments.
   It has a curse placed upon it.
 u - a +0 chain mail (worn)
 w - a scarf of repulsion (worn)
Jewellery
 n - a +2 ring of protection (left hand)
 t - a ring of wizardry (right hand)
Wands
 l - a wand of clouds (5)
 r - a wand of acid (9)
Scrolls
 e - 3 scrolls of remove curse
 g - 4 scrolls of identify
 h - 2 scrolls of blinking {unknown}
 i - 2 scrolls of noise {unknown}
 j - 4 scrolls of teleportation
 k - a scroll of fear {unknown}
 s - a scroll of fog {unknown}
 y - a scroll of acquirement {unknown}
 C - a scroll of vulnerability {unknown}
Potions
 b - a potion of haste {unknown}
 d - a potion of might
 m - 2 potions of berserk rage {unknown}
 q - 2 potions of ambrosia {unknown}
 v - 2 potions of flight {unknown}
 x - a potion of heal wounds {unknown}
 z - a potion of brilliance {unknown}
 A - a potion of lignification {unknown}
 D - a potion of curing {unknown}
Comestibles
 f - 19 rations
 E - 3 chunks of flesh


   Skills:
 + Level 4.4 Fighting
 + Level 7.9 Maces & Flails
 + Level 6.7 Armour
 - Level 2.0 Dodging
 - Level 0.3 Stealth
 + Level 6.5 Shields


You had 7 spell levels left.
You didn't know any spells.
Your spell library contained the following spells:

 Spells                   Type           Power        Failure   Level  Hunger
 Magic Dart               Conj           #...         96%         1    ##.....
 Sandblast                Erth           #.....       96%         1    ##.....
 Blink                    Tloc           N/A          99%         2    ###....
 Call Imp                 Summ           #.......     99%         2    ###....
 Passwall                 Tmut/Erth      #.......     99%         2    ###....
 Slow                     Hex            #.......     99%         2    ###....
 Conjure Flame            Conj/Fire      #.......     100%        3    ####...
 Mephitic Cloud           Conj/Pois/Air  #.......     100%        3    ####...
 Stone Arrow              Conj/Erth      #.....       100%        3    ####...
 Petrify                  Tmut/Erth      #.......     100%        4    #####..
 Lee's Rapid Deconstruct  Erth           #.........   100%        5    ######.


Dungeon Overview and Level Annotations

Branches:
Dungeon (8/15)             Temple (1/1) D:4
   Lair: D:8-11

Altars:
Dithmenos
Fedhas
Gozag
Makhleb
Nemelex Xobeh
Okawaru
Ru
Wu Jian
Xom
Zin


Innate Abilities, Weirdness & Mutations

You are resistant to damage.
You can heal yourself by infusing magical energy.
You passively map a small area around you.
You do not regenerate.


Message History

You hit the orc warrior but do no damage.
You block the orc warrior's attack.
You hit the orc warrior.
The orc warrior is lightly wounded.
The orc warrior completely misses you.
Your shield prevents you from hitting the orc warrior.
The orc warrior is lightly wounded.
You block the orc warrior's attack.
You barely miss the orc warrior.
The orc warrior is lightly wounded.
The orc warrior hits you with a dire flail.
You closely miss the orc warrior.
The orc warrior is lightly wounded.
The orc warrior hits you but does no damage.
Your shield and chain mail prevent you from hitting the orc warrior.
The orc warrior is lightly wounded.
The orc warrior hits you with a dire flail!
* * * LOW HITPOINT WARNING * * *
The orc warrior hits you with a dire flail!
You die...

* *#######..........
* *
................. ,
#######.#........ ,
................. *
########.#........,
, ,...............##
,####.####.#.......,
* ..................
##..
###.##@#......#. ,*
#.... ,...#o#..###.#
#.... #.##o#.## .# *
.....####.##o#.. , #
##........##o#######
*
............o.......
*
##...........####...
...........#.#.# , *
##.####.####.#)#* ,,
*


You could see 2 orc warriors and 3 orcs.

Vanquished Creatures
  A spriggan (D:7)
  A black bear (D:6)
  An orc warrior (D:6)
  2 ogres
  3 bullfrogs
  A wyvern zombie (D:7)
  4 scorpions
  2 howler monkeys
  A bullfrog zombie (D:5)
  A centaur zombie (D:5)
  A hound (D:6)
  A jelly (D:6)
  An orc priest (D:4)
  5 orc wizards
  A centaur skeleton (D:7)
  Natasha (thrice) (D:2)
  5 worker ants
  3 iguanas
  A hound zombie (D:6)
  9 adders
  3 shadow imps
  2 oozes (D:4)
  An adder zombie (D:6)
  An adder skeleton (D:4)
  A worm (D:5)
  4 dart slugs (D:1)
  4 leopard geckos
  21 orcs
  4 ball pythons
  9 bats
  6 giant cockroaches
  4 goblins
  11 hobgoblins
  10 kobolds
  A quokka (D:4)
  8 frilled lizards
  A leopard gecko zombie (D:5)
  10 rats
148 creatures vanquished.

Notes
Turn   | Place    | Note
-------+----------+-------------------------------------------
     0 | D:1      | klipsore the Deep Dwarf Fighter began the quest for the
                  | Orb.
     0 | D:1      | Reached XP level 1. HP: 20/20 MP: 1/1
   170 | D:1      | Reached XP level 2. HP: 24/27 MP: 2/2
   573 | D:1      | Reached XP level 3. HP: 27/33 MP: 3/3
   876 | D:2      | Noticed Natasha
   901 | D:2      | Killed Natasha
   944 | D:2      | Reached XP level 4. HP: 32/42 MP: 4/4
   983 | D:2      | Reached skill level 3 in Maces & Flails
  1011 | D:2      | Found a shimmering altar of Xom.
  1021 | D:2      | Noticed Natasha
  1207 | D:2      | Killed Natasha
  1367 | D:2      | Noticed Natasha
  1380 | D:2      | Killed Natasha
  1380 | D:2      | Reached XP level 5. HP: 7/49 MP: 5/5
  1416 | D:2      | Reached skill level 1 in Dodging
  1450 | D:2      | Found an iron altar of Okawaru.
  1451 | D:2      | Noticed an ogre
  1752 | D:2      | Killed an ogre
  1752 | D:2      | Reached skill level 4 in Maces & Flails
  1752 | D:2      | Reached XP level 6. HP: 11/56 MP: 5/5
  2948 | D:4      | Reached skill level 5 in Maces & Flails
  3068 | D:4      | Found a staircase to the Ecumenical Temple.
  3080 | Temple   | Entered the Ecumenical Temple
  3106 | Temple   | Became a worshipper of Makhleb the Destroyer
  3150 | D:4      | Reached XP level 7. HP: 37/62 MP: 5/5
  3163 | D:4      | Reached skill level 5 in Shields
  3326 | D:4      | Found a shadowy altar of Dithmenos.
  3330 | D:4      | Got a faintly glowing robe
  3562 | D:4      | Reached skill level 5 in Armour
  3567 | D:4      | Identified the cursed +1 robe "Irphutoo" {MR+ Str+4} (You
                  | found it on level 4 of the Dungeon)
  3790 | D:5      | Entered Level 5 of the Dungeon
  4096 | D:5      | Reached skill level 6 in Maces & Flails
  4167 | D:5      | Found an iron altar of Okawaru.
  4914 | D:6      | Reached XP level 8. HP: 18/72 MP: 5/5
  5036 | D:6      | Reached * piety under Makhleb
  5221 | D:6      | Reached skill level 7 in Maces & Flails
  5596 | D:7      | Found an opulent altar of Gozag.
  6302 | D:8      | HP: 1/73 [orc warrior/dire flail (8)]
  6322 | D:8      | HP: 1/73 [orc warrior/dire flail (14)]
  6322 | D:8      | Mangled by an orc warrior

Skill      XL: |  1  2  3  4  5  6  7  8 |
---------------+-------------------------+-----
Fighting       | 3 4 |  4.4
Maces & Flails | 3 4 5 6 7 |  7.9
Armour         | 4 5 6 |  6.7
Shields        | 4 5 6 |  6.5
Dodging        | 1 2 |  2.0
Stealth        | |  0.3

Action                   |  1- 3 |  4- 6 |  7- 9 || total
-------------------------+-------+-------+-------++-------
Melee: Flail             |   118 |   281 |   256 ||   655
       Morningstar       |       |       |    69 ||    69
 Abil: Heal Wounds       |     1 |     6 |     8 ||    15
  Use: Scroll            |       |       |     3 ||     3
  Eat: Chunk             |       |     8 |     7 ||    15
       Ration            |       |       |     1 ||     1
Armor: Scale mail        |    52 |    84 |    30 ||   166
       Chain mail        |       |       |    79 ||    79
Dodge: Dodged            |    31 |    92 |    77 ||   200
Block: Shield            |    58 |   140 |   140 ||   338
